 Dungeon Crawl Stone Soup version 0.31-a0-319-g4fced400ed (webtiles) character file.

Game seed: 8392578879228485873

7077 Strat the Geomancer (level 11, -1/72 HPs)
             Began as a Gargoyle Earth Elementalist on July 17, 2023.
             Was an Initiate of Makhleb.
             Slain by a two-headed ogre
             ... wielding a +0 giant club
              (18 damage)
             ... on level 9 of the Dungeon.
             The game lasted 00:24:48 (10546 turns).

Strat the Geomancer (Gargoyle Earth Elementalist)  Turns: 10546, Time: 00:24:49

Health: -1/72      AC: 16    Str: 13    XL:     11   Next: 9%
Magic:  4/23       EV: 12    Int: 19    God:    Makhleb [......]
Gold:   387        SH:  0    Dex: 13    Spells: 9/27 levels left

rFire   + . .        a - +0 dagger (elec)
rCold   + . .        (no shield)
rNeg    + . .        j - +0 steam dragon scales
rPois   ∞            h - +1 helmet
rElec   +            s - scarf {rC+ rF+}
rCorr   .            m - +0 pair of gloves
SInv    .            (no boots)
Will    +....        (no amulet)
Stlth   ++           v - +4 ring of slaying
HPRegen 0.32/turn    x - ring of Cushrop {Will+ Dex+3}
MPRegen 0.18/turn

%: no passive effects
@: no status effects
A: sickness immunity, AC +8, negative energy resistance 1, electricity
resistance, torment resistance 1, petrification resistance
a: Renounce Religion


You were on level 9 of the Dungeon.
You worshipped Makhleb.
Makhleb was noncommittal.
You visited 2 branches of the dungeon, and saw 10 of its levels.

You collected 387 gold pieces.

Inventory:

Hand Weapons
 a - a +0 dagger of electrocution (weapon)
 u - a +3 short sword of protection
 z - a +2 dagger of draining
Armour
 h - a +1 helmet (worn)
 j - +0 steam dragon scales (worn)
 m - a +0 pair of gloves (worn)
 o - a +0 cloak
 s - a scarf of resistance (worn)
 y - a +0 robe of willpower
Magical Staves
 b - a staff of earth
Jewellery
 v - a +4 ring of slaying (left hand)
 x - the ring of Cushrop (right hand) {Will+ Dex+3}
   (You took it off a gnoll on level 7 of the Dungeon)

   [ring of willpower]

   Dex:       It affects your dexterity (+3).
   Will:      It increases your willpower.
Wands
 d - a wand of flame (36)
 g - a wand of acid (9)
Scrolls
 c - a scroll of poison
Potions
 e - a potion of cancellation
 f - 3 potions of curing
 i - a potion of invisibility
 k - a potion of enlightenment {unknown}
 l - a potion of mutation {unknown}
 n - a potion of lignification {unknown}
 p - a potion of might {unknown}
 q - 2 potions of brilliance
 r - a potion of magic
 t - a potion of degeneration {unknown}
 w - a potion of haste {unknown}


   Skills:
 - Level 10.0 Fighting
 - Level 1.5 Dodging
 - Level 2.1 Stealth
 - Level 8.8 Spellcasting
 + Level 4.9 Conjurations
 + Level 2.1 Hexes
 + Level 2.0 Translocations
 - Level 2.0 Transmutations
 - Level 12.0 Earth Magic
 - Level 2.8 Evocations


You had 9 spell levels left.
You knew the following spells:

 Your Spells              Type           Power      Damage    Failure   Level
a - Sandblast             Erth           100%       2d20      1%          1
b - Stone Arrow           Conj/Erth      80%        3d12      1%          3
c - Passwall              Tmut/Erth      28%        N/A       1%          2
d - Petrify               Tmut/Erth      34%        N/A       4%          4
e - Iskenderun's Mystic   Conj/Tloc      21%        2d6       21%         4
f - Fulminant Prism       Conj/Hex       10%        3d9       19%         4

Your spell library contained the following spells:

 Spells                   Type           Power      Damage    Failure   Level
 Momentum Strike          Conj/Tloc      42%        3d9       3%          2
 Wereblood                Tmut           15%        N/A       5%          2
 Freeze                   Ice            32%        1d5       9%          1
 Necrotise                Necr           32%        1d5       9%          1
 Hailstorm                Conj/Ice       17%        3d6       9%          3
 Volatile Blastmotes      Fire/Tloc      24%        2d12      16%         3
 Frozen Ramparts          Ice            16%        1d3       26%         3
 Vampiric Draining        Necr           8%         2d6       26%         3
 Manifold Assault         Tloc           16%        N/A       34%         4
 Agony                    Necr           8%         N/A       93%         5
 Summon Hydra             Summ           4%         N/A       100%        7
 Sublimation of Blood     Necr           Unusable   N/A       N/A         2

Dungeon Overview and Level Annotations

Branches:
Dungeon (9/15)             Temple (1/1) D:4            Lair (0/5) D:8
    Orc: D:9-12

Altars:
Ashenzari
Cheibriados
Dithmenos
Elyvilon
Fedhas
Gozag
Hepliaklqana
Kikubaaqudgha
Makhleb
Nemelex Xobeh
Okawaru
Qazlal
Ru
Sif Muna
Trog
Uskayaw
Vehumet
Wu Jian
Xom
Yredelemnul
Zin
The Shining One

Annotations:
D:2 Natasha
D:5 3 runed translucent doors, LeprechaunX's ghost, novice OpSh


Innate Abilities, Weirdness & Mutations

You are immune to sickness and miasma.
Your stone body is resilient. (AC +8)
You are immune to poison.
You resist negative energy. (rN+)
You are resistant to electric shocks. (rElec)
You are resistant to unholy torment.
You are immune to petrification.


Message History

You see here a wyvern corpse.
The orc attacks as you move away! The orc barely misses you.
An orc comes into view. It is wielding a +0 hand axe.
A cyclops comes into view.
The air fills with toxic fumes!
As you read the scroll of poison, it crumbles to dust.
The orc barely misses you. The orc barely misses you.
You hit the orc. Lightning courses through the orc!!
You kill the orc!
Makhleb accepts your kill.
You hit the two-headed ogre but do no damage.
The two-headed ogre hits you with a +0 giant club!!
* * * LOW HITPOINT WARNING * * *
The two-headed ogre closely misses you.
Casting: Stone Arrow (safe; 1% risk of failure)
Confirm with . or Enter, or press ? or * to list all spells.
Aiming: Stone Arrow (safe; 1% risk of failure)
Press: ? - help, Shift-Dir - straight line, f - two-headed ogre
Aim: a two-headed ogre, wielding two +0 giant clubs (89% to hit)
The stone arrow hits the two-headed ogre!!
The two-headed ogre is moderately wounded.
The two-headed ogre hits you with a +0 giant club!
* * * LOW HITPOINT WARNING * * *
The two-headed ogre closely misses you.
Casting: Stone Arrow (safe; 1% risk of failure)
Confirm with . or Enter, or press ? or * to list all spells.
Aiming: Stone Arrow (safe; 1% risk of failure)
Press: ? - help, Shift-Dir - straight line, f/p - two-headed ogre
Aim: a two-headed ogre, wielding two +0 giant clubs (moderately wounded, 89% to hit)
The stone arrow hits the two-headed ogre!
The two-headed ogre is heavily wounded.
Unknown command.
Okay, then.
Okay, then.
You feel better.
The two-headed ogre hits you with a +0 giant club!
* * * LOW HITPOINT WARNING * * *
The two-headed ogre hits you with a +0 giant club!!
You die...

#...............#.#.#
.#..............#.#)#
####........#..#.#.#)#
............#..#.#o#.#
...............#.#.#.. #
...............#.#.####...#
.......#.......#.#.....# #
.......##......#O######☼.C.
....#..#.......#@§§.○§§# #
....#..........########§...
.....#........... #
####..............
##..........#.....
...........##....
...........# ...
.........#.# #.
>............


You could see a two-headed ogre.

Vanquished Creatures
  A two-headed ogre (D:8)
  A deep elf pyromancer (D:9)
  A manticore (D:8)
  A troll (D:9)
  A hornet (D:8)
  A slime creature (D:8)
  3 wyverns
  2 yaks (D:9)
  2 steam dragons
  2 vampire mosquitoes (D:8)
  Menkaure (D:4)
  4 water moccasins
  Duvessa (D:5)
  2 orc warriors
  2 sky beasts
  2 ogres
  A centaur (D:8)
  3 phantoms
  3 kobold brigands
  A gnoll sergeant (D:8)
  5 scorpions
  3 wights (D:9)
  Dowan (D:5)
  7 killer bees (D:9)
  An electric eel (D:7)
  4 howler monkeys
  3 jellies
  Crazy Yiuf (D:7)
  6 orc priests
  A hound (D:5)
  Jessica (D:2)
  3 gnoll boudas
  5 orc wizards
  2 iguanas
  21 gnolls
  8 adders
  A river rat (D:3)
  A shadow imp (D:7)
  2 white imps
  An ufetubus (D:7)
  4 worms
  26 orcs
  4 bats (D:1)
  10 endoplasms
  6 giant cockroaches
  7 hobgoblins
  4 jackals (D:1)
  17 kobolds
  5 quokkas
  13 ball pythons
  2 frilled lizards
  4 goblins
  4 rats
218 creatures vanquished.

Notes
Turn   | Place    | Note
-------+----------+-------------------------------------------
     0 | D:1      | Strat the Gargoyle Earth Elementalist began the quest for
                  | the Orb.
     0 | D:1      | Reached XP level 1. HP: 10/10 MP: 3/3
    87 | D:1      | Reached skill level 4 in Earth Magic
   223 | D:1      | Reached XP level 2. HP: 15/15 MP: 3/5
   913 | D:1      | Reached skill level 5 in Earth Magic
   913 | D:1      | Reached XP level 3. HP: 19/19 MP: 3/6
   917 | D:1      | Learned a level 3 spell: Stone Arrow
   920 | D:1      | Learned a level 2 spell: Passwall
  1406 | D:2      | Identified the +0 leather armour of a Billion Visions {Harm
                  | rC++ Int+3 Dex+2}
  1585 | D:2      | Reached skill level 1 in Fighting
  1680 | D:2      | Reached skill level 1 in Conjurations
  1746 | D:2      | Reached XP level 4. HP: 25/25 MP: 5/7
  1934 | D:2      | Noticed Natasha
  1965 | D:2      | Noticed Jessica
  1971 | D:2      | Killed Jessica
  2190 | D:3      | Found a shadowy altar of Dithmenos.
  2528 | D:3      | Reached XP level 5. HP: 30/30 MP: 6/8
  2892 | D:3      | Found a faded altar of an unknown god.
  3178 | D:4      | Reached skill level 10 in Earth Magic
  3178 | D:4      | Reached XP level 6. HP: 44/44 MP: 8/15
  3290 | D:4      | Learned a level 4 spell: Petrify
  3499 | D:4      | Found a staircase to the Ecumenical Temple.
  3512 | Temple   | Entered the Ecumenical Temple
  3565 | D:4      | Found a radiant altar of Vehumet.
  3647 | D:4      | Found a glowing silver altar of Zin.
  3681 | D:4      | Reached skill level 1 in Transmutations
  3811 | D:4      | Noticed Menkaure
  3848 | D:4      | Killed Menkaure
  3849 | D:4      | Reached XP level 7. HP: 49/49 MP: 13/17
  3933 | D:5      | Entered Level 5 of the Dungeon
  4202 | D:5      | Noticed LeprechaunX's ghost (novice OpSh)
  4356 | D:5      | Found a runed translucent gate.
  4497 | D:5      | Reached XP level 8. HP: 55/55 MP: 13/18
  4677 | D:5      | Noticed Duvessa
  4677 | D:5      | Noticed Dowan
  4700 | D:5      | Killed Duvessa
  4702 | D:5      | Killed Dowan
  5276 | D:5      | Found a runed translucent gate.
  5276 | D:5      | Found a runed translucent gate.
  5732 | D:6      | Found a blossoming altar of Fedhas.
  5925 | D:6      | Reached XP level 9. HP: 60/60 MP: 16/19
  6199 | D:6      | Got the Folio of Space
  6995 | D:7      | Reached skill level 11 in Earth Magic
  7482 | D:7      | Found a hazy altar of Hepliaklqana.
  8290 | D:7      | Found a white marble altar of Elyvilon.
  8425 | D:7      | Found a runed translucent door.
  8426 | D:7      | Noticed Crazy Yiuf
  8430 | D:7      | Killed Crazy Yiuf
  8628 | D:8      | Noticed a two-headed ogre
  8641 | D:8      | Reached XP level 10. HP: 65/66 MP: 11/21
  8642 | D:8      | Found a staircase to the Lair.
  8650 | D:8      | Killed a two-headed ogre
  8793 | D:8      | Reached skill level 10 in Fighting
  8865 | D:8      | Found an iron altar of Okawaru.
  8881 | D:8      | Identified the ring of Cushrop {Will+ Dex+3}
  8887 | D:8      | Found a burning altar of Makhleb.
  8909 | D:8      | Reached skill level 12 in Earth Magic
  8909 | D:8      | Reached skill level 1 in Evocations
  9130 | D:8      | Noticed a manticore
  9139 | D:8      | Killed a manticore
  9761 | D:8      | Became a worshipper of Makhleb the Destroyer
  9895 | D:9      | Learned a level 4 spell: Iskenderun's Mystic Blast
  9900 | D:9      | Learned a level 4 spell: Fulminant Prism
 10120 | D:9      | Reached skill level 1 in Hexes
 10120 | D:9      | Reached skill level 1 in Translocations
 10493 | D:9      | Noticed a deep elf pyromancer
 10497 | D:9      | Killed a deep elf pyromancer
 10498 | D:9      | Reached XP level 11. HP: 66/72 MP: 10/23
 10522 | D:9      | Noticed a two-headed ogre
 10536 | D:9      | Noticed a cyclops
 10546 | D:9      | Slain by a two-headed ogre

Illustrated notes

Levels and vault maps discovered:
D:1:      minmay_arrival_stair_chambers, layout_loops_ring, minmay_hexomino_f4
D:2:      layout_loops_corners, st_stairs_8, uniq_jessica, uniq_natasha
D:3:      layout_loops_ring, nicolae_dithmenos_the_darkroom,
          portal_sewer_entry_b, dreamdust_ecumenical_altar_hidden_monk_grotto
D:4:      layout_rooms, mainiacjoe_overflow_alcove_4, vehumet_crystals,
          minmay_temple_entry_statues_pillars, minivault_19,
          kennysheep_minor_cross, uniq_menkaure
D:5:      layout_basic, gammafunk_ghost_split, uniq_duvessa
D:6:      minmay_octagon_keep, layout_basic, lemuel_round_altar,
          chequers_serial_rivers_micro_c
D:7:      layout_basic, nicolae_elyvilon_temple_path,
          nicolae_hepliaklqana_hippocampus, st_stairs_7, uniq_crazy_yiuf_cottage
D:8:      minmay_blocky_corners, layout_rooms, overflow_temple_1_default,
          old_standard_altar
D:9:      minmay_distorted_concentric_squares, layout_cave_pools
Temple:   nicolae_temple_superstar

Skill      XL: |  1  2  3  4  5  6  7  8  9 10 11 |
---------------+----------------------------------+-----
Earth Magic    | 4 5 10 11 12 | 12.0
Fighting       | 1 2 8 9 10 | 10.0
Conjurations   | 1 2 3 4 |  4.9
Spellcasting   | 6 7 8 |  8.8
Transmutations | 1 2 |  2.0
Evocations     | 2 |  2.8
Hexes          | 1 2 |  2.1
Translocations | 1 2 |  2.0
Dodging        | |  1.5
Stealth        | |  2.1

Action                     |  1- 3 |  4- 6 |  7- 9 | 10-12 || total
---------------------------+-------+-------+-------+-------++-------
  Melee: Whip              |       |     1 |       |       ||     1
         Dagger            |       |    22 |   108 |    56 ||   186
         Punch             |       |       |     1 |     1 ||     2
         Staff             |       |       |     6 |     2 ||     8
   Cast: Sandblast         |    60 |    63 |    53 |     6 ||   182
         Stone Arrow       |       |     1 |    77 |    63 ||   141
         Petrify           |       |       |     1 |       ||     1
  Evoke: Wand              |       |       |       |     1 ||     1
    Use: Scroll            |       |     2 |    13 |     3 ||    18
         Potion            |       |     1 |       |     1 ||     2
   Stab: Sleeping          |       |     1 |     4 |       ||     5
 Armour: Robe              |     6 |    17 |    73 |       ||    96
         Skin              |       |     2 |       |       ||     2
         Steam dragon scal |       |       |       |    45 ||    45
  Dodge: Dodged            |    15 |    26 |    60 |    66 ||   167

Table legend: (Time is in decaauts)
 A = Elapsed time spent in this place.
 B = Non-inter-level travel time spent in this place.
 C = Inter-level travel time spent in this place.
 D = Time resting spent in this place.
 E = Time spent auto-exploring this place.
 F = Levels seen in this place.
 G = Mean time per level.
                   A        B        C        D        E       F      G
               +--------+--------+--------+--------+--------+-----+--------+
         Total |  10634 |  10131 |    503 |   2033 |   5831 |  10 | 1063.4 |
       Dungeon |  10592 |  10092 |    500 |   2033 |   5831 |   9 | 1176.9 |
        Temple |     41 |     38 |      3 |      0 |      0 |   1 |   41.0 |
               +--------+--------+--------+--------+--------+-----+--------+

Top non-repeatable levels by time:
     D:7: 1748 daAuts
     D:5: 1538 daAuts
     D:6: 1497 daAuts
     D:1: 1143 daAuts
     D:2: 1123 daAuts
     D:8: 1041 daAuts
     D:3: 937 daAuts
     D:4: 797 daAuts
     D:9: 764 daAuts
  Temple: 41 daAuts
